[Event "TUR-ch Veterans 2019"]
[Site "Belek"]
[Date "2019.01.23"]
[Round "4.5"]
[White "Uzuner, Tufan Can"]
[Black "Aysoy, Veysi"]
[Result "1-0"]
[ECO "D77"]
[WhiteElo "1889"]
[BlackElo "1933"]
[Annotator "NA"]
[PlyCount "115"]
[EventDate "2019.01.20"]
[EventType "swiss"]
[EventCountry "TUR"]
[SourceTitle "playchess.com"]
[Source "ChessBase"]
[SourceQuality "1"]
[TimeControl "5400+30"]

1. Nf3 Nf6 2. d4 g6 3. g3 d5 4. Bg2 Bg7 5. O-O O-O 6. c4 dxc4 7. Na3 c3 8. bxc3 c5 9. Nc4 Nc6 10. Nce5 Nxe5 11. Nxe5 Nd5 12. Qb3 Nb6 13. Rd1 cxd4 14. cxd4 Bd7 15. Nxd7 Qxd7 16. Ba3 Rfd8 17. Rac1 e6 18. Rb1 Rac8 19. e3 Bf8 20. Bc5 Nd5 21. Bxd5 Qxd5 22. Bxf8 Kxf8 23. Qxd5 Rxd5 24. Rxb7 Ra5 25. Rd2 Rc1+ 26. Kg2 Ra1 27. Rbb2 Ke7 28. e4 h6 29. h4 Re1 30. Rb7+ Kf8 31. e5 Rc1 32. Rd3 f5 33. a3 Rc6 34. Rdb3 Rb6 35. R7xb6 axb6 36. Rxb6 Kf7 37. Rb7+ Kf8 38. Rb3 Ra4 39. Rd3 Ke7 40. f4 h5 41. Kf2 Kd7 42. d5 exd5 43. Rxd5+ Kc6 44. Rd6+ Kc5 45. Rxg6 Rxa3 46. Rg5 Kd5 47. Rxf5 Ke4 48. Rxh5 Ra2+ 49. Ke1 Ke3 50. Kd1 Kd3 51. Kc1 Kc3 52. Kb1 Rb2+ 53. Ka1 Rb6 54. Rh8 Ra6+ 55. Kb1 Rb6+ 56. Kc1 Ra6 57. Rc8+ Kd3 58. f5 1-0

[Event "TUR-ch Veterans 2019"]
[Site "Belek"]
[Date "2019.01.23"]
[Round "4.6"]
[White "Azizoglu, Ayhan"]
[Black "Subasi, Zeki"]
[Result "1-0"]
[ECO "B22"]
[WhiteElo "1861"]
[BlackElo "1707"]
[Annotator "NA"]
[PlyCount "61"]
[EventDate "2019.01.20"]
[EventType "swiss"]
[EventCountry "TUR"]
[SourceTitle "playchess.com"]
[Source "ChessBase"]
[SourceQuality "1"]
[TimeControl "5400+30"]

1. e4 c5 2. Nf3 d6 3. c3 Nc6 4. d4 cxd4 5. cxd4 Nf6 6. Nc3 g6 7. h3 a6 8. a4 Bg7 9. Be3 O-O 10. Be2 Bd7 11. d5 Nb8 12. Qb3 Bc8 13. a5 Nbd7 14. Nd2 Nc5 15. Qa3 Qc7 16. O-O Ncd7 17. Rac1 Qd8 18. Nc4 Rb8 19. Rc2 h5 20. Rfc1 Ne8 21. Na4 Nef6 22. Ncb6 Nxb6 23. Bxb6 Qe8 24. Bc7 Bd7 25. Nb6 Bb5 26. Qe3 Kh7 27. Bxb8 Qxb8 28. Rc8 Qa7 29. Rxf8 Bxf8 30. Rc8 Bh6 31. Qf3 1-0

[Event "TUR-ch Veterans 2019"]
[Site "Belek"]
[Date "2019.01.23"]
[Round "4.7"]
[White "Altinok, Metin"]
[Black "Cetinkaya, Vedat Ali"]
[Result "0-1"]
[ECO "B11"]
[WhiteElo "1647"]
[BlackElo "2056"]
[Annotator "NA"]
[PlyCount "162"]
[EventDate "2019.01.20"]
[EventType "swiss"]
[EventCountry "TUR"]
[SourceTitle "playchess.com"]
[Source "ChessBase"]
[SourceQuality "1"]
[TimeControl "5400+30"]

1. e4 c6 2. Nc3 d5 3. Nf3 e6 4. Be2 Nf6 5. exd5 cxd5 6. O-O Be7 7. Bb5+ Nc6 8. d3 O-O 9. a3 h6 10. Ne2 Re8 11. c3 Bd6 12. Ng3 e5 13. Re1 Ng4 14. c4 Bc5 15. Rf1 dxc4 16. Bxc4 Qb6 17. Ne4 Bf5 18. Nxc5 Qxc5 19. h3 Nf6 20. Be3 Qd6 21. b4 Nd5 22. Bc5 Qd7 23. Re1 b6 24. Be3 Rad8 25. Rc1 Qd6 26. Bb5 Bd7 27. Nd2 Qg6 28. Qf3 Nce7 29. Bc4 Bc6 30. Qe4 Nf5 31. Qg4 Qxg4 32. hxg4 Nfxe3 33. fxe3 Ne7 34. Nf3 e4 35. Ne5 Bd5 36. Bb5 Rf8 37. dxe4 Bxe4 38. Rc7 Nd5 39. Rxa7 Nc3 40. Bc4 Rd2 41. Nf3 Rc2 42. Rc7 b5 43. Bf1 Ne2+ 44. Bxe2 Rxc7 45. Bxb5 Rc3 46. Ra1 Rfc8 47. Kf2 g5 48. Bf1 Rb3 49. b5 Rcc3 50. a4 Ra3 51. Rd1 Rxa4 52. Rd6 Kg7 53. Rd7 Ra2+ 54. Kg3 Rcc2 55. b6 Rab2 56. Nd4 Rc1 57. Re7 Bg6 58. Be2 Rxb6 59. Bf3 Rd6 60. Ra7 Re1 61. Kf2 Rb1 62. Rc7 Rb4 63. Ra7 Rc4 64. Rb7 Rf6 65. Kg3 Rc3 66. Re7 Kf8 67. Re5 Ra3 68. e4 Rb6 69. Nf5 h5 70. Nd4 h4+ 71. Kf2 Rb2+ 72. Ne2 f6 73. Rc5 Raa2 74. Rc7 Bxe4 75. Rc8+ Ke7 76. Rc3 Bxf3 77. Re3+ Kd6 78. Kxf3 Rd2 79. Nc3 Rf2+ 80. Ke4 Rad2 81. Nb1 Rf4# 0-1

[Event "TUR-ch Veterans 2019"]
[Site "Belek"]
[Date "2019.01.23"]
[Round "4.8"]
[White "Taskiran, Erol"]
[Black "Tozaki, Halil"]
[Result "1/2-1/2"]
[ECO "D13"]
[WhiteElo "1758"]
[BlackElo "1930"]
[Annotator "NA"]
[PlyCount "118"]
[EventDate "2019.01.20"]
[EventType "swiss"]
[EventCountry "TUR"]
[SourceTitle "playchess.com"]
[Source "ChessBase"]
[SourceQuality "1"]
[TimeControl "5400+30"]

1. d4 d5 2. c4 c6 3. cxd5 cxd5 4. Nc3 Nf6 5. Nf3 Nc6 6. Bf4 a6 7. e3 Bf5 8. Bd3 Bxd3 9. Qxd3 e6 10. O-O Be7 11. Na4 Nh5 12. Be5 f6 13. Bg3 Nxg3 14. hxg3 Rc8 15. Nc5 Bxc5 16. dxc5 O-O 17. Nd4 Qe7 18. Nxc6 Rxc6 19. b4 a5 20. a3 Ra8 21. Rfc1 Qc7 22. e4 dxe4 23. Qxe4 f5 24. Qe3 axb4 25. axb4 Rxa1 26. Rxa1 Qd7 27. Qf3 Rc8 28. Ra7 Rb8 29. Qe2 Qd5 30. Ra1 Rd8 31. Re1 Kf7 32. Qh5+ Kg8 33. Qe2 Kf7 34. g4 f4 35. f3 Qd4+ 36. Kf1 Qd3 37. Kf2 Qd4+ 38. Kf1 Qd3 39. Qxd3 Rxd3 40. Re4 Rb3 41. Rxf4+ Ke7 42. Rd4 Rb2 43. f4 g6 44. Re4 Kf6 45. g3 h6 46. Rd4 g5 47. f5 Ke5 48. Rd6 Rxb4 49. Rxe6+ Kd5 50. Re8 Rb1+ 51. Ke2 Rb2+ 52. Kd3 Kxc5 53. Re5+ Kd6 54. Re6+ Kd7 55. Rxh6 Rb3+ 56. Kc4 Rxg3 57. Rh7+ Kc6 58. Rh6+ Kd7 59. Rh7+ Kc6 1/2-1/2

[Event "TUR-ch Veterans 2019"]
[Site "Belek"]
[Date "2019.01.23"]
[Round "4.9"]
[White "Cosan, Gokmen"]
[Black "Bozkir, Dursun Murat"]
[Result "1/2-1/2"]
[ECO "D60"]
[WhiteElo "1727"]
[BlackElo "1684"]
[Annotator "NA"]
[PlyCount "102"]
[EventDate "2019.01.20"]
[EventType "swiss"]
[EventCountry "TUR"]
[SourceTitle "playchess.com"]
[Source "ChessBase"]
[SourceQuality "1"]
[TimeControl "5400+30"]

1. d4 d5 2. c4 e6 3. Nc3 Nf6 4. Bg5 Be7 5. e3 O-O 6. Nf3 Nbd7 7. Bd3 dxc4 8. Bxc4 c5 9. O-O cxd4 10. Nxd4 Nb6 11. Bb3 Nfd5 12. Bxe7 Qxe7 13. Rc1 Nxc3 14. Rxc3 e5 15. Nb5 Bd7 16. Qd6 Qg5 17. h4 Qf6 18. Qxf6 gxf6 19. Nd6 Bc6 20. Nf5 Rae8 21. Rd1 Nc8 22. Bd5 Bxd5 23. Rxd5 Ne7 24. Nxe7+ Rxe7 25. Rcd3 Kg7 26. Rd7 Rfe8 27. b4 Kf8 28. Kh2 Rc8 29. Rd8+ Rxd8 30. Rxd8+ Kg7 31. g4 Rc7 32. Kg3 Rc2 33. Rd7 Rxa2 34. Rxb7 Rb2 35. b5 Rb4 36. h5 h6 37. Kf3 Kf8 38. Ke2 Kg7 39. f3 Rb3 40. e4 Ra3 41. Rd7 a5 42. bxa6 Rxa6 43. Rd3 Ra8 44. Rb3 Ra7 45. Ke3 Ra8 46. f4 exf4+ 47. Kxf4 Ra1 48. Re3 Rf1+ 49. Rf3 Re1 50. Re3 Rf1+ 51. Rf3 Re1 1/2-1/2

[Event "TUR-ch Veterans 2019"]
[Site "Belek"]
[Date "2019.01.23"]
[Round "4.10"]
[White "Ozates, Veysel"]
[Black "Yalciner, Suleyman"]
[Result "1-0"]
[ECO "C03"]
[WhiteElo "1550"]
[BlackElo "1491"]
[Annotator "NA"]
[PlyCount "61"]
[EventDate "2019.01.20"]
[EventType "swiss"]
[EventCountry "TUR"]
[SourceTitle "playchess.com"]
[Source "ChessBase"]
[SourceQuality "1"]
[TimeControl "5400+30"]

1. e4 e6 2. d4 d5 3. Nd2 Be7 4. Bd3 Nd7 5. e5 c5 6. Qg4 g6 7. c3 Nh6 8. Qh3 Nf5 9. Ne2 O-O 10. Nf3 cxd4 11. cxd4 f6 12. Nf4 Nb6 13. g4 Bb4+ 14. Kf1 Ne7 15. exf6 Rxf6 16. Ng5 h5 17. Nxh5 Qf8 18. Nxf6+ Qxf6 19. Qh7+ Kf8 20. Nxe6+ Bxe6 21. Bb5 Bd7 22. Bxd7 Nxd7 23. Be3 Nb6 24. Kg2 Nc6 25. a3 Bd6 26. Rae1 Ne7 27. h4 Ke8 28. h5 Nc4 29. hxg6 Nxe3+ 30. Rxe3 Qxd4 31. Qh8+ 1-0

[Event "TUR-ch Veterans 2019"]
[Site "Belek"]
[Date "2019.01.23"]
[Round "4.12"]
[White "Paksoy, Eray"]
[Black "Ozkoc, Ali"]
[Result "0-1"]
[ECO "D06"]
[WhiteElo "1460"]
[BlackElo "1773"]
[Annotator "NA"]
[PlyCount "94"]
[EventDate "2019.01.20"]
[EventType "swiss"]
[EventCountry "TUR"]
[SourceTitle "playchess.com"]
[Source "ChessBase"]
[SourceQuality "1"]
[TimeControl "5400+30"]

1. d4 d5 2. c4 c6 3. Nc3 Nf6 4. Nf3 Bf5 5. Bg5 e6 6. e3 Be7 7. Qb3 b6 8. Ne5 O-O 9. Rc1 Nfd7 10. Bxe7 Qxe7 11. f4 Nxe5 12. fxe5 Qh4+ 13. g3 Qg5 14. Kd2 Nd7 15. cxd5 exd5 16. Bd3 Bxd3 17. Kxd3 a5 18. Rhf1 b5 19. Qd1 Qg6+ 20. Kd2 Nb6 21. b3 a4 22. Qc2 Qh6 23. Rf2 axb3 24. axb3 Rac8 25. Ne2 Nd7 26. Qf5 Rc7 27. Nf4 g6 28. Qg4 f5 29. Qd1 Rfc8 30. Ne6 Rb7 31. h4 Nf8 32. Nf4 Rd7 33. Ke1 g5 34. hxg5 Qxg5 35. Kd2 Qe7 36. Rc5 Qg5 37. Rh2 Ra7 38. Qc2 Rca8 39. Kc3 Qd8 40. Qxf5 Ra2 41. Rxa2 Rxa2 42. Nd3 Qa5+ 43. Nb4 Rg2 44. Qg5+ Ng6 45. Rxc6 Qa1+ 46. Kd3 Qd1+ 47. Kc3 Qd2# 0-1

[Event "TUR-ch Veterans 2019"]
[Site "Belek"]
[Date "2019.01.23"]
[Round "4.13"]
[White "Yuksel, Mustafa"]
[Black "Muratoglu, Salih"]
[Result "1-0"]
[ECO "B07"]
[WhiteElo "2031"]
[BlackElo "1950"]
[Annotator "NA"]
[PlyCount "58"]
[EventDate "2019.01.20"]
[EventType "swiss"]
[EventCountry "TUR"]
[SourceTitle "playchess.com"]
[Source "ChessBase"]
[SourceQuality "1"]
[TimeControl "5400+30"]

1. d4 Nf6 2. Bf4 d6 3. Nc3 c6 4. e4 Qa5 5. e5 dxe5 6. dxe5 Ng4 7. Nf3 Qb6 8. Qd2 Qxb2 9. Rd1 Bd7 10. e6 fxe6 11. Bxb8 Nf6 12. Be5 O-O-O 13. Nb5 Qxa2 14. Nc3 Qa5 15. Bc4 Nd5 16. O-O Be8 17. Ra1 Qc5 18. Bxd5 exd5 19. Bd4 Qd6 20. Rxa7 Bh5 21. Ra8+ Kd7 22. Ne5+ Ke8 23. Rxd8+ Qxd8 24. Qg5 Bf7 25. Qf5 Bg8 26. Bb6 g6 27. Qxf8+ Kxf8 28. Bxd8 d4 29. Ne2 Bd5 1-0

[Event "TUR-ch Veterans 2019"]
[Site "Belek"]
[Date "2019.01.23"]
[Round "4.14"]
[White "Akinci, Ahmet"]
[Black "Cicek, Cemil"]
[Result "1-0"]
[ECO "D53"]
[WhiteElo "1402"]
[BlackElo "1999"]
[Annotator "NA"]
[PlyCount "67"]
[EventDate "2019.01.20"]
[EventType "swiss"]
[EventCountry "TUR"]
[SourceTitle "playchess.com"]
[Source "ChessBase"]
[SourceQuality "1"]
[TimeControl "5400+30"]

1. d4 d5 2. Nf3 Nf6 3. c4 e6 4. Nc3 c6 5. Bg5 Nbd7 6. e3 Be7 7. Bd3 Qb6 8. Qc2 h6 9. c5 Qd8 10. Bh4 b6 11. b4 a5 12. b5 bxc5 13. bxc6 Nb6 14. Bb5 O-O 15. Ne5 c4 16. O-O Ne8 17. Bg3 Nd6 18. a4 Ba6 19. Rfb1 Ndc8 20. e4 Bb4 21. Ne2 Bxb5 22. axb5 Nd6 23. f3 Nxb5 24. Bf2 Na3 25. Rxa3 Bxa3 26. exd5 exd5 27. Qf5 Bb4 28. Be3 Qd6 29. Nf4 f6 30. Ng4 Rfe8 31. Qg6 Kf8 32. Nh5 Qe7 33. Nhxf6 gxf6 34. Bxh6+ 1-0

[Event "TUR-ch Veterans 2019"]
[Site "Belek"]
[Date "2019.01.23"]
[Round "4.15"]
[White "Bapoglu, Ibrahim"]
[Black "Topaloglu, Hayati"]
[Result "0-1"]
[ECO "C01"]
[WhiteElo "1549"]
[BlackElo "1740"]
[Annotator "NA"]
[PlyCount "70"]
[EventDate "2019.01.20"]
[EventType "swiss"]
[EventCountry "TUR"]
[SourceTitle "playchess.com"]
[Source "ChessBase"]
[SourceQuality "1"]
[TimeControl "5400+30"]

1. e4 e6 2. d4 d5 3. Nc3 Nf6 4. exd5 exd5 5. Bg5 c6 6. Bd3 Bd6 7. Nge2 Bg4 8. f3 Be6 9. Qd2 Nbd7 10. Ng3 Qc7 11. O-O-O h6 12. Be3 O-O-O 13. Kb1 g5 14. Nce2 Kb8 15. Rc1 Nb6 16. Nf5 Bxf5 17. Bxf5 Nc4 18. Qc3 Rde8 19. Bg1 Rxe2 20. Bd3 Rxg2 21. Bxc4 dxc4 22. d5 Be5 23. Qa3 b6 24. dxc6 Qxc6 25. h4 Nd5 26. hxg5 Rxg5 27. Re1 Bd6 28. Bh2 Rg6 29. Rd1 Kb7 30. Bxd6 Rxd6 31. f4 Rhd8 32. Kc1 Nxf4 33. Rxd6 Qxh1+ 34. Kd2 Rxd6+ 35. Qxd6 Qd5+ 0-1

[Event "TUR-ch Veterans 2019"]
[Site "Belek"]
[Date "2019.01.23"]
[Round "4.16"]
[White "Atas, Remzi"]
[Black "Bagci, Hikmet"]
[Result "1/2-1/2"]
[ECO "A07"]
[WhiteElo "1477"]
[BlackElo "1548"]
[Annotator "NA"]
[PlyCount "154"]
[EventDate "2019.01.20"]
[EventType "swiss"]
[EventCountry "TUR"]
[SourceTitle "playchess.com"]
[Source "ChessBase"]
[SourceQuality "1"]
[TimeControl "5400+30"]

1. Nf3 Nf6 2. g3 g6 3. Bg2 Bg7 4. O-O O-O 5. d3 d5 6. Nbd2 Nc6 7. Re1 e5 8. e4 Re8 9. c3 dxe4 10. dxe4 h6 11. Qc2 Be6 12. b3 Qd7 13. Bb2 Rad8 14. Rad1 Qc8 15. Nf1 Ng4 16. h3 Nf6 17. Kh2 Kh7 18. Ne3 Ng8 19. Rxd8 Rxd8 20. Rd1 Nge7 21. Rd2 a6 22. Qd1 Rxd2 23. Qxd2 Qd8 24. Qxd8 Nxd8 25. c4 f6 26. Nd5 Nxd5 27. exd5 Bd7 28. Nd2 b6 29. b4 Bf8 30. a3 Be7 31. Nb3 Ba4 32. Nd2 Bc2 33. Bc3 Kg7 34. Kg1 Kf7 35. Kf1 Nb7 36. Ke2 a5 37. Ke3 axb4 38. axb4 h5 39. h4 Nd6 40. Ke2 Nf5 41. Be4 Ba4 42. Bxf5 gxf5 43. Ke3 c6 44. dxc6 Bxc6 45. f4 Ke6 46. Nf3 Bd6 47. Ne1 Be4 48. Nf3 Bc7 49. Nd2 Bc6 50. Nf3 b5 51. c5 Be4 52. Nd2 Bd5 53. Nf3 Ba2 54. Nd2 Kd5 55. Bb2 Ke6 56. Bc3 Bb8 57. Bb2 Bd5 58. Bc3 Bc7 59. Bb2 Bb8 60. Bc3 Bg2 61. Bb2 Kd5 62. Bc3 Bh1 63. Bb2 Bg2 64. Bc3 Bh3 65. Bb2 Bg4 66. Bc3 Bd1 67. Bb2 Bc2 68. Bc3 Ba7 69. Bb2 Bb8 70. Bc3 Bc7 71. Bb2 Bd8 72. Bc3 e4 73. Bb2 Be7 74. Bc3 Bd8 75. Bb2 Be7 76. Bc3 Bd8 77. Bb2 Be7 1/2-1/2

[Event "TUR-ch Veterans 2019"]
[Site "Belek"]
[Date "2019.01.23"]
[Round "4.17"]
[White "Tekeli, Savran"]
[Black "Buyukgokcesu, Tahir Sami"]
[Result "0-1"]
[ECO "B21"]
[WhiteElo "1478"]
[BlackElo "1557"]
[Annotator "NA"]
[PlyCount "82"]
[EventDate "2019.01.20"]
[EventType "swiss"]
[EventCountry "TUR"]
[SourceTitle "playchess.com"]
[Source "ChessBase"]
[SourceQuality "1"]
[TimeControl "5400+30"]

1. e4 c5 2. f4 Nc6 3. Nf3 g6 4. Bc4 Bg7 5. O-O a6 6. a4 d6 7. c3 Nf6 8. d3 O-O 9. h3 e5 10. fxe5 dxe5 11. Bg5 Qd6 12. Nbd2 Be6 13. Bxe6 Qxe6 14. Be3 b6 15. Ng5 Qe7 16. Nb3 Nd7 17. Qg4 Rad8 18. Rad1 h6 19. Nf3 b5 20. axb5 axb5 21. Qg3 c4 22. dxc4 bxc4 23. Nbd2 Qe6 24. Nb1 f5 25. exf5 gxf5 26. Qf2 Nf6 27. Qc2 Ne4 28. Kh2 Qg6 29. Bf2 Nxf2 30. Qxf2 f4 31. Na3 Qe6 32. Qc5 e4 33. Rxd8 Rxd8 34. Nd4 Nxd4 35. cxd4 Rxd4 36. Rc1 f3 37. Nxc4 fxg2 38. Kxg2 Rd5 39. Qb6 Rd2+ 40. Kg3 Be5+ 41. Kh4 Qe7+ 0-1

[Event "TUR-ch Veterans 2019"]
[Site "Belek"]
[Date "2019.01.23"]
[Round "4.18"]
[White "Yilmaz, Huseyin"]
[Black "Alkan, Sukru"]
[Result "0-1"]
[ECO "D13"]
[WhiteElo "1321"]
[BlackElo "1484"]
[Annotator "NA"]
[PlyCount "92"]
[EventDate "2019.01.20"]
[EventType "swiss"]
[EventCountry "TUR"]
[SourceTitle "playchess.com"]
[Source "ChessBase"]
[SourceQuality "1"]
[TimeControl "5400+30"]

1. d4 d5 2. c4 c6 3. Nf3 Nf6 4. cxd5 cxd5 5. Nc3 e6 6. g3 Be7 7. Bg2 O-O 8. O-O a6 9. Bg5 b5 10. a3 Bb7 11. Rc1 Nbd7 12. Re1 Rc8 13. h3 Re8 14. Nd2 Qb6 15. e4 dxe4 16. Be3 Nd5 17. Nxd5 exd5 18. Qe2 Bf6 19. Nb3 Rc4 20. Qg4 Nf8 21. Rxc4 bxc4 22. Nc5 Bc8 23. Qe2 Ne6 24. Rb1 Nxd4 25. Bxd4 Bxd4 26. Na4 Qf6 27. Rd1 Bd7 28. Nc3 Bxc3 29. bxc3 Be6 30. Rd4 Rb8 31. Kh2 h6 32. Qc2 Rb3 33. Qc1 Qe7 34. Qa1 Qxa3 35. Qd1 Qe7 36. f3 exf3 37. Qxf3 Qf6 38. Qe3 Rb2 39. Rf4 Qg6 40. g4 Qc2 41. Qf3 Rb3 42. Qg3 Rxc3 43. Qe1 Rd3 44. Rf2 Qc3 45. Qf1 Re3 46. Qb1 Qe5+ 0-1

[Event "TUR-ch Veterans 2019"]
[Site "Belek"]
[Date "2019.01.23"]
[Round "4.19"]
[White "Suzan, Mehmet"]
[Black "Sahin, Ali Haydar"]
[Result "1-0"]
[ECO "D24"]
[WhiteElo "1501"]
[BlackElo "1411"]
[Annotator "NA"]
[PlyCount "95"]
[EventDate "2019.01.20"]
[EventType "swiss"]
[EventCountry "TUR"]
[SourceTitle "playchess.com"]
[Source "ChessBase"]
[SourceQuality "1"]
[TimeControl "5400+30"]

1. d4 d5 2. Nf3 Nf6 3. c4 dxc4 4. Nc3 e6 5. a3 a6 6. e4 c5 7. e5 Nd5 8. Bxc4 Nxc3 9. bxc3 b5 10. Be2 Nc6 11. O-O Be7 12. Be3 c4 13. Nd2 Bb7 14. f4 Qa5 15. Qc2 g6 16. Bf3 Qc7 17. Ne4 Na5 18. Nd2 O-O-O 19. Rfb1 Bxf3 20. Nxf3 Nb3 21. Ra2 Kb7 22. Nd2 Nxd2 23. Qxd2 Qc6 24. a4 Ra8 25. Qb2 Kc7 26. Rba1 Rhb8 27. axb5 Rxb5 28. Qe2 Rab8 29. Rxa6 Rb1+ 30. Kf2 Qb5 31. Ra7+ Kd8 32. Rxb1 Qxb1 33. Qxc4 Rc8 34. Qa4 Rc7 35. Ra8+ Rc8 36. Qa5+ Kd7 37. Qa4+ Kd8 38. Rxc8+ Kxc8 39. Qe8+ Bd8 40. Qc6+ Bc7 41. Qa6+ Kd7 42. Qc4 Qc2+ 43. Kg3 h5 44. d5 Qf5 45. Qc6+ Kc8 46. d6 h4+ 47. Kf3 Qh5+ 48. Kf2 1-0

[Event "TUR-ch Veterans 2019"]
[Site "Belek"]
[Date "2019.01.23"]
[Round "4.20"]
[White "Altin, Halis"]
[Black "Saglam, Sami"]
[Result "0-1"]
[ECO "C50"]
[WhiteElo "1642"]
[BlackElo "1424"]
[Annotator "NA"]
[PlyCount "96"]
[EventDate "2019.01.20"]
[EventType "swiss"]
[EventCountry "TUR"]
[SourceTitle "playchess.com"]
[Source "ChessBase"]
[SourceQuality "1"]
[TimeControl "5400+30"]

1. e4 e5 2. Nf3 Nc6 3. Bc4 Bc5 4. Nc3 Nf6 5. d3 h6 6. h3 a6 7. a3 d6 8. Be3 Bxe3 9. fxe3 Ne7 10. Nh4 d5 11. exd5 Nexd5 12. Qf3 Nxc3 13. bxc3 Qe7 14. O-O Be6 15. Bxe6 Qxe6 16. Nf5 O-O 17. Nxh6+ gxh6 18. Qxf6 Qxf6 19. Rxf6 Kg7 20. Raf1 Rad8 21. R6f5 f6 22. Kf2 Rd5 23. Ke2 Ra5 24. Ra1 Kg6 25. g4 Rh8 26. e4 c5 27. Raf1 Rf8 28. Rxe5 fxe5 29. Rxf8 Rxa3 30. Rf5 Rxc3 31. Kd2 Ra3 32. Rxe5 Ra5 33. d4 Rb5 34. Rxc5 Rb4 35. Kc3 Rb1 36. Kc4 b6 37. Rc6+ Kg5 38. Kd5 a5 39. e5 a4 40. e6 a3 41. Rc3 a2 42. e7 a1=Q 43. e8=Q Qxc3 44. Qe7+ Kf4 45. Qe5+ Kf3 46. Qf6+ Kg2 47. Qxh6 Rb5+ 48. Kd6 Qxd4+ 0-1

[Event "TUR-ch Veterans 2019"]
[Site "Belek"]
[Date "2019.01.24"]
[Round "5.1"]
[White "Buker, Muhittin"]
[Black "Korkmaz, Turhan"]
[Result "1-0"]
[ECO "D52"]
[WhiteElo "1978"]
[BlackElo "1977"]
[Annotator "NA"]
[PlyCount "87"]
[EventDate "2019.01.20"]
[EventType "swiss"]
[EventCountry "TUR"]
[SourceTitle "playchess.com"]
[Source "ChessBase"]
[SourceQuality "1"]
[TimeControl "5400+30"]

1. d4 d5 2. c4 c6 3. Nc3 Nf6 4. Nf3 e6 5. Bg5 Nbd7 6. cxd5 exd5 7. e3 Qa5 8. Bd3 Bb4 9. Qc2 h6 10. Bxf6 Nxf6 11. O-O O-O 12. a3 Bd6 13. b4 {[%emt 0:00:00] D52: Queen's Gambit Declined: Cambridge Springs Variation} (13. h3 Qc7 14. Bf5 a5 15. Rac1 Qe7 16. Bxc8 Raxc8 17. Na4 Ne4 18. Nc5 f5 19. Nd3 f4 20. Rce1 fxe3 21. Rxe3 {1-0 (47) Vijayalakshmi,S (2459)-Barua,D (2467) Calicut 2007}) 13... Qc7 14. Rfc1 Qe7 15. h3 Re8 16. Qb3 $146 ({Predecessor:} 16. b5 Bd7 17. bxc6 Bxc6 18. Qb3 Rac8 19. a4 a6 20. Nh4 g6 {1-0 (62) Vargyas,Z (2097)-Harmatosi,J (2242) Budapest 2003}) 16... a6 17. Na4 Bc7 18. Nc5 Ne4 19. Qc2 Ng5 20. Qe2 Qd6 21. Kf1 Qf6 22. Nxg5 Qxg5 $11 (22... hxg5 $15 23. Ke1 g6) 23. Rc3 f5 24. Bc2 b6 25. Nd3 Bd7 26. f4 Qg3 27. Ne5 Bxe5 28. fxe5 Rf8 29. Kg1 f4 30. Rf1 fxe3 31. Rxf8+ Rxf8 32. Rxe3 Qf4 33. e6 Be8 34. e7 Rf6 35. Qd3 Qf2+ 36. Kh2 Rg6 37. Qxg6 Bxg6 38. Bxg6 Qxe3 39. e8=Q+ Qxe8 40. Bxe8 c5 41. bxc5 bxc5 42. dxc5 Kf8 43. Bc6 d4 44. Kg3 1-0

[Event "TUR-ch Veterans 2019"]
[Site "Belek"]
[Date "2019.01.24"]
[Round "5.2"]
[White "Yasin, Hur"]
[Black "Uzuner, Tufan Can"]
[Result "1-0"]
[ECO "B13"]
[WhiteElo "2004"]
[BlackElo "1889"]
[Annotator "NA"]
[PlyCount "60"]
[EventDate "2019.01.20"]
[EventType "swiss"]
[EventCountry "TUR"]
[SourceTitle "playchess.com"]
[Source "ChessBase"]
[SourceQuality "1"]
[TimeControl "5400+30"]

1. e4 c6 2. d4 d5 3. exd5 cxd5 4. Nf3 Nf6 5. Ne5 a6 6. Bd3 e6 7. c3 Be7 8. Nd2 Bd7 9. O-O O-O 10. f4 Bb5 11. Bxb5 axb5 12. f5 exf5 13. Rxf5 b4 14. c4 dxc4 15. Ndxc4 Nc6 16. Be3 Nd5 17. Bf2 Bf6 $11 18. Ng4 Ra6 19. Nxf6+ Nxf6 20. Rb5 Qd7 21. Nb6 Qe7 22. d5 Na7 23. d6 Qe4 24. Rg5 Nc6 25. Nd5 Nxd5 26. Rxd5 Rd8 27. d7 h6 28. Qd2 Kh7 29. Re1 Qg6 30. b3 f6 1-0

[Event "TUR-ch Veterans 2019"]
[Site "Belek"]
[Date "2019.01.24"]
[Round "5.3"]
[White "Marthedal, Anton Mehmet Yildiz"]
[Black "Ozates, Veysel"]
[Result "0-1"]
[ECO "B12"]
[WhiteElo "1885"]
[BlackElo "1550"]
[Annotator "NA"]
[PlyCount "64"]
[EventDate "2019.01.20"]
[EventType "swiss"]
[EventCountry "TUR"]
[SourceTitle "playchess.com"]
[Source "ChessBase"]
[SourceQuality "1"]
[TimeControl "5400+30"]

1. e4 c6 2. d4 d5 3. e5 Bf5 4. g4 Be4 5. f3 Bg6 6. h4 h6 {[%emt 0:00:30] B12: Caro-Kann: Advance Variation} (6... h5 7. e6 Qd6 8. exf7+ Bxf7 9. Be3 hxg4 10. fxg4 Nf6 11. Nc3 Qe6 12. Kd2 Nxg4 13. Bg5 Nf2 14. Qf3 Nxh1 15. Qxh1 Qd6 16. Bh3 e6 {0-1 (30) Vallejo Pons,F (2717)-So,W (2810) Tbilisi 2017}) 7. Nh3 e6 8. Nf4 Bh7 9. Kf2 $146 ({Predecessor:} 9. Be3 Qb6 10. b3 Nd7 11. Nd2 Nxe5 12. Kf2 Nd7 13. c4 Qc7 {0-1 (30) Bicek,R (2123)-Plischki,S (2413) Prague 2018}) 9... c5 10. c3 Qb6 11. Kg3 Ne7 12. h5 (12. Bd3 $1 $11 {keeps the balance.}) 12... Nd7 13. Qa4 Nc6 14. Bb5 a6 15. Bxc6 bxc6 16. Nd2 Be7 17. Nf1 O-O 18. Nh2 Qc7 19. Nh3 (19. Ne2 {keeps fighting.}) 19... Rfb8 20. g5 (20. f4 {is a better defense.}) 20... hxg5 $19 21. h6 gxh6 22. Ng4 h5 23. Nh6+ Kg7 24. Nxg5 Bxg5 25. Bxg5 Bg6 26. Qd1 Rh8 27. Qd2 f6 28. Rxh5 Bxh5 29. Bxf6+ Nxf6 30. Qg5+ Kh7 31. Ng4 Nxg4 32. fxg4 Qg7 0-1

[Event "TUR-ch Veterans 2019"]
[Site "Belek"]
[Date "2019.01.24"]
[Round "5.4"]
[White "Cetinkaya, Vedat Ali"]
[Black "Guner, Bulent"]
[Result "1-0"]
[ECO "D11"]
[WhiteElo "2056"]
[BlackElo "1987"]
[Annotator "NA"]
[PlyCount "101"]
[EventDate "2019.01.20"]
[EventType "swiss"]
[EventCountry "TUR"]
[SourceTitle "playchess.com"]
[Source "ChessBase"]
[SourceQuality "1"]
[TimeControl "5400+30"]

1. d4 d5 2. c4 c6 3. e3 Nf6 4. Nf3 Bg4 5. Bd3 e6 6. Nc3 Nbd7 7. Qb3 Qb6 8. Qc2 dxc4 9. Bxc4 Bd6 10. h3 Bh5 11. O-O Bxf3 12. gxf3 e5 13. Rd1 Qc7 14. Qf5 O-O 15. b3 $17 (15. Ne4 $11) 15... exd4 16. exd4 b5 17. Bd3 g6 18. Qg5 Rfe8 19. Qh4 Nh5 20. Ne2 Ndf6 21. Bg5 Nd5 22. Rac1 Qd7 23. Be4 Rac8 24. Kh1 Ba3 25. Rc2 f5 26. Bxd5+ Qxd5 27. Kg2 Bd6 28. Ng3 Ng7 29. Ne2 Nh5 30. Nc3 Qf7 31. Rcd2 b4 32. Ne2 Qd5 33. Ng3 Ng7 34. Nf1 f4 35. Bxf4 Bxf4 36. Qxf4 Nh5 37. Qg4 Rf8 38. Ne3 Nf4+ 39. Kg1 Qf7 40. Nc4 Rcd8 41. Ne5 Qc7 42. Rc1 Rd6 43. Rc4 a5 44. Rdc2 Qe7 45. Kh2 c5 46. dxc5 Qxe5 47. Re4 Qf6 48. cxd6 Qxd6 49. Qg3 Qd1 50. Rc7 Ne2 51. Ree7 1-0

[Event "TUR-ch Veterans 2019"]
[Site "Belek"]
[Date "2019.01.24"]
[Round "5.5"]
[White "Ozkoc, Ali"]
[Black "Azizoglu, Ayhan"]
[Result "1-0"]
[ECO "A48"]
[WhiteElo "1773"]
[BlackElo "1861"]
[Annotator "NA"]
[PlyCount "59"]
[EventDate "2019.01.20"]
[EventType "swiss"]
[EventCountry "TUR"]
[SourceTitle "playchess.com"]
[Source "ChessBase"]
[SourceQuality "1"]
[TimeControl "5400+30"]

1. d4 Nf6 2. Bf4 g6 3. e3 Bg7 4. Nd2 O-O 5. Ngf3 d6 6. c3 Nc6 7. Be2 Nd7 8. Bg5 Qe8 9. Qc2 e5 10. dxe5 dxe5 11. O-O-O a5 12. h3 a4 13. g4 Nc5 14. Ne4 Nxe4 15. Qxe4 Be6 16. Bc4 Na5 17. Bxe6 Qxe6 18. Qd5 a3 19. b3 c6 20. Qxe6 fxe6 21. Nd2 Rxf2 22. b4 e4 23. bxa5 Rxa5 24. Nxe4 Rf8 25. Be7 Rfa8 26. Bf6 Bxf6 27. Nxf6+ Kg7 28. Rhf1 Rf8 29. Rd7+ Rf7 30. Ne8+ 1-0